AoeStats
← Kortes

Black Forest

507351342Analyzed
4v4 RM · 16d ago on Sep 17, 2026· 44m 51s· 8 players
Game mode
Random Map
Map size
Large (8 player)
Population
200
Speed
Normal
Resources
Standard
Victory
Conquest
Starting age
Dark Age
Ending age
Imperial Age
RankedLock teamsTeams togetherTeam positionsShared explorationLock speedFull tech treeHidden civsTurbo modeCheats
Victory
Defeat
🇨🇴 Berbers · Colombia
1078
+14
🇧🇷 Khmer · Brazil
1073
+14
🇹🇷 Cumans · Türkiye
992
+18
🇹🇷 Armenians · Türkiye
989
+18
🇦🇺 Goths · Australia
1058
-17
🇫🇷 Cumans · France
1046
-17
🇵🇱 Persians · Poland
1040
-16
🇪🇸 Turks · Spain
984
-14
Kortes
4:42 Loom
11:12 Feudal Age
13:10 Double-Bit Axe
14:27 Wheelbarrow
17:36 Castle Age
16:28 Fishing Lines
17:59 Gold Mining
23:04 Stone Mining
23:29 Bow Saw
23:50 Horse Collar
24:41 Husbandry
25:44 Scale Barding Armor
25:50 Forging
26:19 Bloodlines
26:19 Gillnets
28:48 Chain Barding Armor
29:04 Iron Casting
28:55 Hand Cart
30:01 Careening
30:05 Clinker Construction
30:20 Heavy Plow
35:36 Imperial Age
33:08 Fletching
33:44 Ballistics
33:35 Masonry
34:37 Gold Shaft Mining
34:40 Stone Shaft Mining
34:15 Town Watch
35:27 Cavalier
37:03 Plate Barding Armor
37:29 Blast Furnace
37:58 Chemistry
38:10 Two-Man Saw
37:58 Crop Rotation
37:25 Savar
42:40 Conscription
Donald Trump
0:56 Loom
13:34 Feudal Age
13:58 Man-at-Arms
15:45 Forging
15:36 Scale Mail Armor
15:21 Horse Collar
15:38 Double-Bit Axe
Zad
0:38 Loom
13:26 Feudal Age
15:01 Wheelbarrow
14:12 Town Watch
20:46 Castle Age
20:12 Horse Collar
20:18 Double-Bit Axe
21:49 Hand Cart
21:38 Heavy Plow
22:19 Bow Saw
27:38 Stone Mining
31:03 Town Patrol
35:46 Imperial Age
33:47 Gold Mining
34:34 Stone Shaft Mining
34:40 Stone Shaft Mining
34:20 Forging
34:11 Scale Mail Armor
35:42 Iron Casting
35:54 Anarchy
36:03 Anarchy
36:24 Chain Mail Armor
35:33 Pikeman
36:14 Squires
35:35 Man-at-Arms
36:50 Perfusion
37:11 Conscription
36:22 Sappers
37:25 Crop Rotation
38:32 Two-Man Saw
38:36 Blast Furnace
37:14 Capped Ram
37:21 Halberdier
37:27 Long Swordsman
JKvothe
6:17 Loom
11:27 Feudal Age
12:18 Double-Bit Axe
14:11 Fishing Lines
15:56 Wheelbarrow
18:46 Castle Age
20:12 Bow Saw
20:36 Gillnets
KOMODOR
0:32 Loom
14:19 Feudal Age
21:58 Castle Age
34:25 Imperial Age
32:26 Gold Mining
32:21 Horse Collar
32:29 Double-Bit Axe
33:44 Heavy Plow
34:05 Forging
34:02 Scale Barding Armor
35:15 Gold Shaft Mining
36:34 Iron Casting
35:59 Scale Mail Armor
36:22 Chain Barding Armor
36:20 Bloodlines
35:32 Elite Steppe Lancer
39:07 Blast Furnace
40:41 Plate Barding Armor
41:17 Wheelbarrow
44:31 Steppe Husbandry
44:52 Conscription
44:51 Bow Saw
Zee
11:46 Feudal Age
14:54 Castle Age
12:59 Double-Bit Axe
13:13 Horse Collar
16:10 Bow Saw
16:46 Wheelbarrow
16:14 Heavy Plow
16:23 Loom
20:16 Stone Mining
20:31 Gold Mining
23:47 Gold Shaft Mining
23:49 Stone Shaft Mining
24:24 Town Watch
24:55 Hand Cart
28:53 Imperial Age
27:29 Husbandry
27:39 Bloodlines
27:37 Scale Barding Armor
27:42 Forging
28:45 Chain Barding Armor
29:46 Iron Casting
30:08 Elite Battle Elephant
30:10 Light Cavalry
31:28 Plate Barding Armor
31:37 Crop Rotation
32:27 Blast Furnace
31:37 Fletching
32:11 Conscription
33:06 Chemistry
33:39 Caravan
33:30 Hussar
35:11 Bodkin Arrow
CIA
1:09 Loom
11:16 Feudal Age
12:57 Man-at-Arms
14:09 Long Swordsman
22:08 Castle Age
22:33 Wheelbarrow
21:43 Town Watch
22:03 Padded Archer Armor
21:53 Fletching
23:33 Double-Bit Axe
24:50 Hand Cart
24:47 Bow Saw
30:17 Leather Archer Armor
29:59 Bodkin Arrow
35:14 Imperial Age
34:53 Horse Collar
35:15 Elite Composite Bowman
36:17 Conscription
39:28 Ring Archer Armor
38:58 Bracer
Laundres
0:28 Loom
13:59 Feudal Age
17:45 Castle Age
16:38 Double-Bit Axe
16:37 Horse Collar
27:45 Fortified Wall
27:45 Masonry
31:14 Wheelbarrow
30:41 Heavy Plow
30:32 Gold Mining
31:25 Treadmill Crane
33:56 Gold Shaft Mining
33:18 Stone Mining
34:10 Bow Saw
36:43 Hand Cart
38:18 Stone Shaft Mining
40:15 Imperial Age
37:32 Town Watch
38:03 Scale Barding Armor
38:08 Forging
40:15 Husbandry
40:25 Bloodlines
41:12 Chain Barding Armor
41:27 Iron Casting
40:54 Padded Archer Armor
40:44 Fletching
41:21 Ballistics
42:02 Chemistry
41:07 Siege Engineers
41:25 Conscription
41:03 Heavy Camel Rider
43:10 Plate Barding Armor
43:35 Blast Furnace
44:24 Town Patrol
45:09 Bodkin Arrow
45:25 Maghrebi Camels
Connection lost

Rejoining the realm…

Still unreachable

The connection could not be restored.

Session expired

The server has moved on; the page needs a fresh start.